AoeStats
← Abacaxi de Marataízes ^_~

Nomad

503715577Analyzed
1v1 RM · 1mo ago on Sep 1, 2026· 34m 53s· 2 players
Game mode
Random Map
Map size
126×126
Population
200
Speed
Normal
Resources
Standard
Victory
Conquest
Starting age
Dark Age
Ending age
Imperial Age
RankedLock teamsTeams togetherTeam positionsShared explorationLock speedFull tech treeHidden civsTurbo modeCheats
Victory
Defeat
🇪🇸 Japanese · Spain
829
+15
🇧🇷 Inca · Brazil
812
-15
Abacaxi de Marataízes ^_~
13:02 Feudal Age
11:45 Loom
14:26 Double-Bit Axe
14:34 Stone Mining
20:05 Fletching
21:13 Horse Collar
28:46 Castle Age
32:31 Bodkin Arrow
Amon-Ra
12:41 Loom
15:26 Feudal Age
16:00 Gold Mining
16:16 Fishing Lines
17:43 Wheelbarrow
21:39 Town Watch
24:03 Castle Age
23:23 Fletching
23:46 Forging
23:37 Scale Mail Armor
25:34 Squires
26:16 Iron Casting
25:57 Chain Mail Armor
25:38 Bodkin Arrow
26:01 Gillnets
35:11 Imperial Age
Connection lost

Rejoining the realm…

Still unreachable

The connection could not be restored.

Session expired

The server has moved on; the page needs a fresh start.